 Dungeon Crawl Stone Soup version 0.26-a0-158-g66bac3cce0 (webtiles) character file.

Game seed: 13083004344057927784

47705 kae the Severer (level 14, -7/132 HPs)
             Began as a Hill Orc Fighter on July 2, 2020.
             Was a High Priest of Qazlal.
             Mangled by a sun demon (12 damage)
             ... in a volcano.
             The game lasted 00:15:18 (20833 turns).

kae the Severer (Hill Orc Fighter)                 Turns: 20833, Time: 00:15:19

Health: -7/132     AC: 25    Str: 30    XL:     14   Next: 43%
Magic:  23/23      EV:  5    Int:  8    God:    Qazlal [*****.]
Gold:   1415       SH: 16    Dex:  8    Spells: 13/13 levels left

rFire    . . .     SeeInvis .   a - +0 war axe (elec)
rCold    + . .     Faith    .   c - +0 kite shield
rNeg     . . .     Spirit   .   x - +0 plate armour
rPois    .         Reflect  .   t - +1 helmet
rElec    .         Harm     .   (no cloak)
rCorr    .                      j - +0 pair of gloves
MR       +....                  D - +1 pair of boots
Stlth    ..........             H - amulet of regeneration
HPRegen  0.72/turn              q - +6 ring of strength
MPRegen  0.18/turn              J - +4 ring of protection

@: repel missiles
A: clumsy 1, cold resistance 1, wild magic 1
a: Upheaval, Elemental Force, Disaster Area, Renounce Religion


You were in a volcano.
You worshipped Qazlal.
Qazlal was extremely pleased with you.
You were not hungry.

You visited 2 branches of the dungeon, and saw 19 of its levels.
You also visited: Volcano.

You collected 1415 gold pieces.

Inventory:

Hand Weapons
 a - a +0 war axe of electrocution (weapon)
 r - a +0 war axe of flaming
Armour
 c - a +0 kite shield (worn)
 j - a +0 pair of gloves (worn)
 t - a +1 helmet (worn)
 x - a +0 plate armour (worn)
 D - a +1 pair of boots (worn)
Jewellery
 q - a +6 ring of strength (left hand)
 z - an uncursed ring of protection from magic
 C - an uncursed ring of protection from magic
 H - an amulet of regeneration (around neck)
 J - a +4 ring of protection (right hand)
 K - a +6 ring of intelligence
 L - an uncursed ring of flight
Wands
 b - a wand of acid (20)
 d - a wand of flame (33)
 e - a wand of random effects (31)
 s - a wand of polymorph (17)
 v - a wand of digging (8)
 y - a wand of iceblast (13)
 P - a wand of clouds (1)
Scrolls
 g - 7 scrolls of identify
 h - 7 scrolls of teleportation
 i - 7 scrolls of remove curse
 u - 2 scrolls of magic mapping
 B - 2 scrolls of amnesia
 I - a scroll of fog
 M - a scroll of torment
Potions
 k - 3 potions of stabbing
 l - 6 potions of curing
 m - 5 potions of heal wounds
 n - 4 potions of flight
 o - 2 potions of lignification
 p - 2 potions of cancellation
 w - 2 potions of haste
 A - 3 potions of brilliance
 E - a potion of invisibility
 F - 2 potions of mutation
 G - a potion of resistance
 O - a potion of might
Comestibles
 f - 37 rations


   Skills:
 - Level 14.0 Fighting
 - Level 20.0 Axes
 + Level 11.3 Armour
 - Level 3.2 Shields
 - Level 13.0 Invocations


You had 13 spell levels left.
You didn't know any spells.
Your spell library contained the following spells:

 Spells                   Type           Power        Failure   Level  Hunger
 Apportation              Tloc           #.....       100%        1    ##.....
 Beastly Appendage        Tmut           #.....       100%        1    ##.....
 Magic Dart               Conj           #...         100%        1    ##.....
 Sting                    Tmut/Pois      #...         100%        1    ##.....
 Summon Butterflies       Summ           #.......     100%        1    ##.....
 Poisonous Vapours        Pois/Air       #.....       100%        2    ###....
 Searing Ray              Conj           #.....       100%        2    ###....
 Sticks to Snakes         Tmut           #.......     100%        2    ###....
 Conjure Flame            Conj/Fire      #.......     100%        3    ####...
 Dazzling Flash           Conj/Hex       #.....       100%        3    ####...
 Ignite Poison            Fire/Tmut/Pois #.......     100%        3    ####...
 Lesser Beckoning         Tloc           #.........   100%        3    ####...
 Mephitic Cloud           Conj/Pois/Air  #.......     100%        3    ####...
 Spider Form              Tmut/Pois      #.........   100%        3    ####...
 Tukima's Dance           Hex            #.......     100%        3    ####...
 Cause Fear               Hex            #.........   100%        4    #####..
 Fulminant Prism          Conj/Hex       #.........   100%        4    #####..
 Ice Form                 Ice/Tmut       #.......     100%        4    #####..
 Iskenderun's Mystic Bla  Conj/Tloc      #.......     100%        4    #####..
 Leda's Liquefaction      Hex/Erth       #.........   100%        4    #####..
 Olgreb's Toxic Radiance  Pois           #.......     100%        4    #####..
 Alistair's Intoxication  Tmut/Pois      #.......     100%        5    ######.
 Blade Hands              Tmut           #.........   100%        5    ######.
 Bolt of Magma            Conj/Fire/Erth #.........   100%        5    ######.
 Fireball                 Conj/Fire      #.........   100%        5    ######.
 Silence                  Hex/Air        #.........   100%        5    ######.
 Yara's Violent Unravell  Hex/Tmut       #.........   100%        5    ######.
 Freezing Cloud           Conj/Ice/Air   #.........   100%        6    #######
 Invisibility             Hex            #.......     100%        6    #######
 Iron Shot                Conj/Erth      #.........   100%        6    #######
 Starburst                Conj/Fire      #.........   100%        6    #######
 Statue Form              Tmut/Erth      #........    100%        6    #######
 Ring of Flames           Chrm/Fire      #.........   100%        7    #######
 Discord                  Hex            #.........   100%        8    #######
 Ignition                 Fire           #.........   100%        8    #######
 Shatter                  Erth           #.........   100%        9    #######


Dungeon Overview and Level Annotations

Branches:
Dungeon (13/15)            Temple (0/1) D:6            Lair (6/6) D:10
  Swamp (0/4) Lair:2       Spider (0/4) Lair:4        Slime (0/5) Lair:6
    Orc (0/2) D:9         Volcano (1/1)
 Vaults: D:13-14

Altars:
Ashenzari
Kikubaaqudgha
Makhleb
Qazlal
Ru
Sif Muna
Trog
Vehumet
Zin

Annotations:
D:5 2 transporters
Lair:6 3 runed translucent doors, Glokmah's ghost, journeyman MiBe


Innate Abilities, Weirdness & Mutations

You are clumsy. (Dex -2)
Your flesh is cold resistant. (rC+)
Your spells are a little harder to cast, but a little more powerful.


Message History

The sun demon hits you but does no damage.
You block the red devil's attack.
You slice the sun demon!!
The sun demon is almost dead.
You block the sun demon's attack.
The red devil hits you but does no damage.
You miss the sun demon.
The sun demon is almost dead.
The sun demon hits you!
* * * LOW HITPOINT WARNING * * *
You are engulfed in flames!
You resist.
* * * LOW HITPOINT WARNING * * *
You closely miss the sun demon.
The sun demon is almost dead.
You feel less protected from fire.
The red devil hits you but does no damage.
The sun demon hits you!
* * * LOW HITPOINT WARNING * * *
You are engulfed in flames!
You die...

.#.§......§ ###
###..§.≈§≈≈≈≈ ##○#
##....§≈§≈≈§§≈ #°○##
#....§≈≈≈≈≈§§§ ##≈≈≈##
##....≈§≈≈≈§§≈ #≈≈≈.≈##
#.....§≈§§§≈≈≈ #≈...≈≈#
###.....≈§≈§≈≈
#∩...∩#####4....).≈≈≈≈§≈
##.....##@3###..†.......
##..##..### #####.#####
######## ##


You could see a sun demon and a red devil.

Vanquished Creatures
  9 hydras
  Erica (D:11)
  5 two-headed ogres
  Sonja (D:11)
  A hell knight (Volcano)
  An unseen horror (shapeshifter) (D:13)
  A swamp dragon (Lair:2)
  4 ugly things
  4 elephants (Lair:6)
  2 manticores
  6 oklob plants
  5 black mambas
  Joseph (D:9)
  9 spiny frogs
  Maggie (D:10)
  Psyche (D:12)
  2 rime drakes
  A kobold demonologist (D:13)
  5 komodo dragons
  2 trolls
  2 jumping spiders (Lair:4)
  A red devil (Volcano)
  Prince Ribbit (D:9)
  6 dream sheep (Lair:6)
  3 slime creatures (D:12)
  12 blink frogs
  12 hippogriffs
  A redback (Lair:4)
  7 spriggans
  A shadow (D:12)
  Sigmund (D:5)
  A human (D:12)
  24 yaks
  Grum (D:11)
  3 hogs (D:12)
  A wyvern (D:10)
  4 basilisks
  2 hungry ghosts
  2 hell hounds (Volcano)
  8 water moccasins
  5 porcupines
  A sky beast (D:11)
  2 eyes of draining (D:13)
  5 orc warriors
  A hornet zombie (D:10)
  5 black bears
  8 wolves
  2 ice beasts
  A necrophage (D:10)
  3 ogres
  3 phantoms
  8 centaurs
  11 crocodiles
  3 big kobolds
  11 bullfrogs
  A gnoll sergeant (D:11)
  A wyvern skeleton (D:11)
  5 scorpions
  9 killer bees
  A wight (D:12)
  2 howler monkeys
  2 bullfrog zombies
  3 jellies
  5 orc priests
  4 hounds
  A gnoll shaman (D:5)
  2 bullfrog skeletons
  2 centaur skeletons
  3 iguanas
  8 orc wizards
  5 worker ants
  2 killer bee zombies
  A hound zombie (D:5)
  2 hound skeletons
  3 gnolls (D:11)
  17 adders
  2 shadow imps
  4 white imps
  4 ufetubi
  An adder skeleton (D:10)
  A worm (D:2)
  3 dart slugs (D:2)
  6 leopard geckos
  45 orcs
  5 giant cockroaches
  4 hobgoblins
  11 jackals
  3 quokkas
  6 bats
  4 frilled lizards
  3 goblins
  14 kobolds
  5 rats
  13 plants (Lair:5)
437 creatures vanquished.

Vanquished Creatures (others)
  12 fungi
  20 plants
32 creatures vanquished.

Grand Total: 469 creatures vanquished

Notes
Turn   | Place    | Note
-------+----------+-------------------------------------------
     0 | D:1      | kae the Hill Orc Fighter began the quest for the Orb.
     0 | D:1      | Reached XP level 1. HP: 19/19 MP: 1/1
   250 | D:1      | Reached skill level 3 in Axes
   568 | D:1      | Reached XP level 2. HP: 27/27 MP: 2/2
   859 | D:2      | Found a faded altar of an unknown god.
   903 | D:2      | Reached skill level 4 in Axes
   989 | D:2      | Reached XP level 3. HP: 33/33 MP: 3/3
  1011 | D:2      | Found a shattered altar of Ashenzari.
  1073 | D:2      | Found an ancient bone altar of Kikubaaqudgha.
  1610 | D:2      | Found a shimmering blue altar of Sif Muna.
  1631 | D:2      | Reached XP level 4. HP: 40/41 MP: 4/4
  2079 | D:2      | Reached skill level 5 in Axes
  2284 | D:3      | Found a radiant altar of Vehumet.
  2819 | D:3      | Noticed a bullfrog
  2826 | D:3      | Killed a bullfrog
  2826 | D:3      | Reached skill level 5 in Fighting
  2826 | D:3      | Reached skill level 6 in Axes
  2826 | D:3      | Reached XP level 5. HP: 44/48 MP: 5/5
  3302 | D:4      | Noticed a phantom
  3341 | D:4      | Killed a phantom
  3341 | D:4      | Reached skill level 7 in Axes
  3341 | D:4      | Reached XP level 6. HP: 30/56 MP: 6/6
  3723 | D:4      | Reached skill level 8 in Axes
  3723 | D:4      | Reached XP level 7. HP: 47/63 MP: 7/7
  4198 | D:4      | Found a sacrificial altar of Ru.
  4199 | D:4      | Found a stormy altar of Qazlal.
  4266 | D:4      | Became a worshipper of Qazlal Stormbringer
  4316 | D:5      | Entered Level 5 of the Dungeon
  4329 | D:5      | Found a transporter.
  4331 | D:5      | Noticed a kobold demonologist
  4343 | D:5      | Found a transporter.
  4433 | D:5      | Reached skill level 1 in Invocations
  4521 | D:5      | Reached skill level 9 in Axes
  5321 | D:5      | Reached XP level 8. HP: 71/71 MP: 10/10
  5521 | D:6      | Noticed an air elemental
  5523 | D:6      | Found a stormy altar of Qazlal.
  5524 | D:6      | Noticed a water elemental
  5560 | D:6      | Found a staircase to the Ecumenical Temple.
  5734 | D:6      | Reached skill level 10 in Axes
  5798 | D:6      | Noticed Sigmund
  5799 | D:6      | Noticed a yak
  5802 | D:6      | Noticed a yak
  5806 | D:6      | Noticed a yak
  5816 | D:6      | Gained mutation: Your flesh is cold resistant. (rC+)
                  | [potion of mutation]
  5816 | D:6      | Gained mutation: You are clumsy. (Dex -2) [potion of
                  | mutation]
  5816 | D:6      | Gained mutation: Your spells are a little harder to cast,
                  | but a little more powerful. [potion of mutation]
  5821 | D:5      | Killed a yak
  5939 | D:6      | Noticed a yak
  5939 | D:6      | Noticed a yak
  5951 | D:5      | Killed a yak
  6129 | D:5      | Killed Sigmund
  6181 | D:5      | Killed a yak
  6181 | D:5      | Reached skill level 11 in Axes
  6181 | D:5      | Reached skill level 5 in Invocations
  6181 | D:5      | Reached XP level 9. HP: 65/81 MP: 12/12
  6720 | D:6      | Reached * piety under Qazlal
  7250 | D:7      | Reached skill level 12 in Axes
  7271 | D:7      | HP: 4/82 [poisoned by a killer bee]
  7276 | D:7      | HP: 3/82 [poisoned by a killer bee]
  7283 | D:7      | HP: 3/82 [poisoned by a killer bee]
  7291 | D:7      | HP: 3/82 [poisoned by a killer bee]
  8135 | D:7      | Found a glowing silver altar of Zin.
  8223 | D:8      | Noticed a two-headed ogre
  8230 | D:8      | Killed a two-headed ogre
  8230 | D:8      | Reached skill level 13 in Axes
  8230 | D:8      | Reached XP level 10. HP: 72/91 MP: 15/15
  8361 | D:8      | Reached ** piety under Qazlal
  9346 | D:8      | Reached skill level 10 in Fighting
  9567 | D:9      | Reached skill level 14 in Axes
  9574 | D:9      | Found a staircase to the Orcish Mines.
  9916 | D:9      | Noticed Joseph
  9933 | D:9      | Killed Joseph
  9976 | D:9      | Reached *** piety under Qazlal
 10160 | D:9      | Noticed Prince Ribbit
 10166 | D:9      | Killed Prince Ribbit
 10247 | D:9      | Found a bloodstained altar of Trog.
 10909 | D:10     | Entered Level 10 of the Dungeon
 10921 | D:10     | Noticed a seven-headed hydra
 10926 | D:10     | Noticed Maggie
 10928 | D:10     | Reached XP level 11. HP: 72/101 MP: 16/18
 11124 | D:10     | Noticed a manticore
 11132 | D:9      | Reached skill level 15 in Axes
 11209 | D:10     | Found a burning altar of Makhleb.
 11251 | D:10     | Killed a manticore
 11803 | D:10     | Killed an 18-headed hydra
 11803 | D:10     | Reached skill level 10 in Invocations
 11809 | D:10     | Killed Maggie
 12421 | D:10     | Found a staircase to the Lair.
 12706 | D:11     | Noticed a five-headed hydra
 12714 | D:11     | Killed a one-headed hydra
 12714 | D:11     | Reached skill level 16 in Axes
 12776 | D:11     | Noticed Sonja
 12791 | D:11     | Killed Sonja
 12839 | D:11     | Noticed Erica
 12856 | D:11     | Killed Erica
 13161 | D:11     | Noticed a manticore
 13170 | D:11     | Killed a manticore
 13749 | D:11     | Noticed Grum
 13763 | D:11     | Killed Grum
 14196 | D:12     | Reached **** piety under Qazlal
 14321 | D:12     | Reached XP level 12. HP: 111/112 MP: 20/20
 14445 | D:12     | Noticed a two-headed ogre
 14447 | D:12     | Noticed a two-headed ogre
 14454 | D:12     | Killed a two-headed ogre
 14456 | D:12     | Killed a two-headed ogre
 14456 | D:12     | Reached skill level 17 in Axes
 14511 | D:12     | Noticed Psyche
 14518 | D:12     | Killed Psyche
 15103 | D:13     | Noticed an eight-headed hydra
 15110 | D:13     | Killed a four-headed hydra
 15164 | D:13     | Noticed a two-headed ogre
 15184 | D:13     | Killed a two-headed ogre
 15184 | D:13     | Reached skill level 18 in Axes
 15419 | D:13     | Noticed a two-headed ogre
 15432 | D:13     | Killed a two-headed ogre
 15663 | Lair:1   | Entered Level 1 of the Lair of Beasts
 15780 | Lair:1   | Reached XP level 13. HP: 83/122 MP: 22/22
 16868 | Lair:2   | Reached skill level 19 in Axes
 17230 | Lair:2   | Found a staircase to the Swamp.
 18634 | Lair:4   | Found a hole to the Spider Nest.
 18685 | Lair:4   | Reached skill level 20 in Axes
 18931 | Lair:4   | Reached skill level 5 in Armour
 19389 | Lair:5   | Reached ***** piety under Qazlal
 19404 | Lair:5   | Reached XP level 14. HP: 87/132 MP: 23/23
 19898 | Lair:5   | Reached skill level 10 in Armour
 20530 | Lair:6   | Entered Level 6 of the Lair of Beasts
 20625 | Lair:6   | Found a runed translucent gate.
 20626 | Lair:6   | Found a runed translucent gate.
 20627 | Lair:6   | Found a runed translucent gate.
 20629 | Lair:6   | Noticed Glokmah's ghost (journeyman MiBe)
 20683 | Lair:6   | Found a dark tunnel.
 20692 | Volcano  | Entered a volcano
 20833 | Volcano  | HP: 5/132 [sun demon (17)]
 20833 | Volcano  | Mangled by a sun demon

Illustrated notes

Levels and vault maps discovered:
D:1:      wheals_arrival_shading, layout_loops_ring
D:2:      layout_basic, led_sif_pool, kiku_gazebo_pond_becter,
          nicolae_ashenzari_panopticon, chequers_ecumenical_altar_simple,
          roderic_lattice_a, minmay_pentomino_s4
D:3:      layout_basic, lemuel_crystal_altar
D:4:      layout_basic, gammafunk_temple_overflow_statue, minmay_pentomino_pile
D:5:      gammafunk_wand_slinger, layout_basic, first_ration,
          nrook_pool_corridor, minmay_bent
D:6:      layout_basic, minmay_temple_entry_glass,
          nicolae_qazlal_style_of_elements, uniq_sigmund
D:7:      layout_basic, kennysheep_little_box
D:8:      layout_rooms
D:9:      layout_stronghold, nicolae_overflow_crystal_walls, hiddenorc2_lemuel,
          uniq_prince_ribbit1, uniq_joseph
D:10:     layout_basic, grunt_lair_entry_orc_guard_hut, basic_altar, uniq_maggie
D:11:     layout_layer_cave, uniq_erica, uniq_sonja, uniq_grum
D:12:     minmay_general_purpose_star, layout_basic, grunt_livestock,
          small_chamber_with_monster, uniq_psyche
D:13:     layout_rooms
Lair:1:   layout_cave_pods, chequers_serial_rivers_large_b
Lair:2:   layout_cellular_growth, minmay_swamp_entry_reptiles, minmay_holes,
          minivault_27, grunt_forest_large_clearing_hut
Lair:3:   layout_small_grid, grunt_megastairs_3
Lair:4:   layout_small_grid, spider_nest_entry_a, minmay_lair_oklob_chamber,
          infiniplex_staircase_pool_2
Lair:5:   minmay_lair_oklob_tunnel, layout_gridlike,
          chequers_serial_rivers_micro_d, wad_woods_01
Lair:6:   due_jungle_book, layout_small_grid, slime_dummy,
          ebering_ghost_rock_garden, nicolae_volcano_entry_two_sided
Volcano:  volcano_pools

Skill      XL: |  1  2  3  4  5  6  7  8  9 10 11 12 13 14 |
---------------+-------------------------------------------+-----
Axes           | 3 4 6 7 8 9 11 13 14 16 18 20 | 20.0
Fighting       | 4 5 6 8 9 10 11 13 14 | 14.0
Invocations    | 2 5 7 9 11 12 13 | 13.0
Armour         | 8 11 | 11.3
Shields        | |  3.2

Action                   |  1- 3 |  4- 6 |  7- 9 | 10-12 | 13-15 || total
-------------------------+-------+-------+-------+-------+-------++-------
Melee: War axe           |   141 |   125 |   272 |   586 |   523 ||  1647
Invok: Upheaval          |       |       |       |     5 |       ||     5
  Use: Potion            |     4 |       |     2 |     3 |       ||     9
       Scroll            |       |     7 |     5 |    11 |     7 ||    30
  Eat: Chunk             |     2 |     7 |    15 |    24 |    10 ||    58
       Ration            |       |       |       |     1 |     2 ||     3
Armor: Scale mail        |    84 |    54 |   117 |    29 |       ||   284
       Plate armour      |       |       |       |   229 |   259 ||   488
Dodge: Dodged            |    62 |    28 |    85 |    98 |    54 ||   327
       Repelled          |       |       |       |     2 |     6 ||     8
Block: Kite shield       |    90 |    58 |   160 |   381 |   314 ||  1003

Table legend:
 A = Non-vault XP
 B = Vault XP
 C = Vault XP percentage of total XP
 D = Non-vault monster count
 E = Vault monster count
 F = Vault count percentage of total count
                 A         B        C        D         E       F
            +---------+---------+-------+---------+---------+-------
      Total |   48350 |   19800 |  29.1 |     324 |     100 |  23.6
            +---------+---------+-------+---------+---------+-------
        D:1 |      18 |       0 |   0.0 |      11 |       0 |   0.0
        D:2 |      87 |       4 |   4.4 |      24 |       3 |  11.1
        D:3 |     102 |       0 |   0.0 |       7 |       0 |   0.0
        D:4 |     365 |     111 |  23.3 |      10 |       2 |  16.7
        D:5 |     891 |     451 |  33.6 |      12 |       7 |  36.8
        D:6 |    1146 |       0 |   0.0 |      30 |       0 |   0.0
        D:7 |     844 |       0 |   0.0 |      17 |       0 |   0.0
        D:8 |    2177 |     132 |   5.7 |      16 |       2 |  11.1
        D:9 |    1269 |    1185 |  48.3 |      19 |      32 |  62.7
       D:10 |    3517 |    1082 |  23.5 |      38 |       5 |  11.6
       D:11 |    2125 |    2165 |  50.5 |      11 |       5 |  31.2
       D:12 |    3526 |    2668 |  43.1 |      15 |      12 |  44.4
       D:13 |    5965 |       0 |   0.0 |      15 |       0 |   0.0
     Lair:1 |    4274 |       0 |   0.0 |      19 |       0 |   0.0
     Lair:2 |    2711 |    3009 |  52.6 |      15 |       7 |  31.8
     Lair:3 |    2487 |     608 |  19.6 |       8 |       2 |  20.0
     Lair:4 |    5225 |    2819 |  35.0 |      16 |       7 |  30.4
     Lair:5 |    5637 |    4190 |  42.6 |      23 |      12 |  34.3
     Lair:6 |    5984 |       0 |   0.0 |      18 |       0 |   0.0
    Volcano |       0 |    1376 | 100.0 |       0 |       4 | 100.0
            +---------+---------+-------+---------+---------+-------
